 Dungeon Crawl Stone Soup version 0.10.0-14-ga75c42d character file.

176089 Palladion the Eclecticist (level 17, -11/144 (148) HPs)
             Began as a Deep Elf Fire Elementalist on Mar 6, 2012.
             Was the Champion of Sif Muna.
             Mangled by a bone dragon (23 damage)
             ... on Level 5 of the Swamp on Mar 7, 2012.
             The game lasted 06:21:22 (44224 turns).

Palladion the Eclecticist (DEFE)                   Turns: 44224, Time: 06:21:22

HP -11/144 (148) AC  7     Str 19      XL: 17   Next: 49%
MP   2/40        EV 24     Int 31      God: Sif Muna [******]
Gold 1902        SH 14     Dex 18      Spells: 13 memorised,  3 levels left

Res.Fire  : + + .   See Invis. : .   a - +7,+5 demon whip (elec)
Res.Cold  : . . .   Warding    : . . G - +0 robe of the Vacuum {Dex+3 Stlth++}
Life Prot.: + . .   Conserve   : .   k - +2 elf buckler {rN+} (curse)
Res.Acid. : . . .   Res.Corr.  : .   F - +2 wizard hat of the Forgotten Lives {Str+
Res.Poison: +       Clarity    : +   J - -1 cloak of Misanthropy {Str+2}
Res.Elec. : .       Spirit.Shd : .   u - -1 pair of gloves "Nuip Lei" {rF++}
Sust.Abil.: . .     Stasis     : .   j - +2 pair of boots {run}
Res.Mut.  : .       Ctrl.Telep.: .   e - amulet of clarity
Res.Rott. : .       Levitation : .   i - ring of poison resistance
Saprovore : . . .   Ctrl.Flight: .   w - ring of regeneration

@: non-regenerating, mighty, berserking, badly diseased, slightly contaminated,
hasted, glowing, very quick, quite resistant to hostile enchantments, extremely
unstealthy
A: carnivore 1, wild magic 1, Int +1
a: Channel Energy, Forget Spell, Renounce Religion
}: 1/15 runes: abyssal


You were on level 5 of the Swamp.
You worshipped Sif Muna.
Sif Muna was exalted by your worship.
You were not hungry.

You visited 6 branches of the dungeon, and saw 33 of its levels.
You visited the Abyss 2 times.
You visited 1 Labyrinth.
You visited 1 bazaar.
You visited 3 portal chambers: ice cave, spiders nest, volcano.

You collected 3621 gold pieces.
You spent 1739 gold pieces at shops.

Inventory:

Hand weapons
 a - a +7,+5 demon whip of electrocution (weapon)
 K - the +0,-3 dagger "Hocej" (quivered) {venom, rF++ Int+1}
   (You took it off a deep elf demonologist on level 5 of the Elven Halls)

   It poisons the flesh of those it strikes.
   It affects your intelligence (+1).
   It greatly protects you from fire.
 V - the +3,+2 hammer "Pluser" {flame, rElec MR}
   (You found it on level 5 of the Elven Halls)

   It emits flame when wielded, causing extra injury to most foes and up to
   double damage against particularly susceptible opponents.
   It insulates you from electricity.
   It increases your resistance to enchantments.
 Y - the +2,+0 sabre "Earthworm" {flame, Str+4 Int+1 Stlth++}
   (You found it on level 5 of the Elven Halls)

   It emits flame when wielded, causing extra injury to most foes and up to
   double damage against particularly susceptible opponents.
   Big, fiery blades are also staple armaments of hydra-hunters.
   It affects your strength (+4).
   It affects your intelligence (+1).
   It makes you much more stealthy.
Armour
 j - a +2 pair of boots of running (worn)
 k - a cursed +2 elven buckler of positive energy (worn)
 u - the cursed -1 pair of gloves "Nuip Lei" (worn) {rF++}
   (You found it on level 4 of the Lair of Beasts)

   It greatly protects you from fire.
   It has a curse placed upon it.
 F - the +2 wizard hat of the Forgotten Lives (worn) {Str+5 Int+4}
   (You bought it in a shop on level 4 of the Orcish Mines)

   It affects your strength (+5).
   It affects your intelligence (+4).
 G - the +0 robe of the Vacuum (worn) {Dex+3 Stlth++}
   (You found it on level 4 of the Dungeon)

   It affects your dexterity (+3).
   It makes you much more stealthy.
 J - the cursed -1 cloak of Misanthropy (worn) {Str+2}
   (You acquired it in a spider's nest)

   It affects your strength (+2).
   It has a curse placed upon it.
Magical devices
 d - a wand of polymorph other (8)
 h - a wand of heal wounds (0)
 p - a wand of digging (7)
 s - a wand of draining (3)
 B - a wand of hasting (3)
 C - a wand of digging (3)
 L - a wand of disintegration (1)
Comestibles
 f - a pear
 r - a bread ration
Scrolls
 b - 6 scrolls of remove curse
 l - a scroll of amnesia
 n - 2 scrolls of detect curse
Jewellery
 c - an uncursed ring of see invisible
 e - an amulet of clarity (around neck)
 g - an uncursed ring of teleportation
 i - a ring of poison resistance (right hand)
 v - an uncursed ring of teleport control
 w - a ring of regeneration (left hand)
Potions
 o - a potion of berserk rage
 q - 2 potions of restore abilities
 t - a potion of brilliance
 z - a potion of might
Books
 m - a book of Flames

   Spells                             Type                      Level
   *Flame Tongue                      Conjuration/Fire             1
   Throw Flame                        Conjuration/Fire             2
   *Conjure Flame                     Conjuration/Fire             3
   *Inner Flame                       Hexes/Fire                   3
   *Sticky Flame                      Conjuration/Fire             4
   *Fireball                          Conjuration/Fire             5
Magical staves
 R - a -1 rod of demonology (9/9)
   (You found it in a Labyrinth)
Miscellaneous
 y - a lantern of shadows


   Skills:
 + Level 11,2 Fighting
 - Level 7,0 Maces & Flails
 - Level 15,0 Dodging
 - Level 15,0 Stealth
 + Level 2,1 Stabbing
 - Level 5,5 Shields
 + Level 16,1 Spellcasting
 + Level 13,9 Conjurations
 - Level 10,0 Hexes
 - Level 1,0 Transmutations
 + Level 14,5 Fire Magic
 - Level 1,0 Poison Magic
 - Level 10,0 Invocations


You had 3 spell levels left.
You knew the following spells:

 Your Spells              Type           Power        Failure   Level  Hunger
a - Flame Tongue          Fire/Conj      ######       1%          1    None
b - Conjure Flame         Fire/Conj      #########    1%          3    None
c - Sticky Flame          Fire/Conj      #########    1%          4    None
d - Fireball              Fire/Conj      #########.   2%          5    None
e - Inner Flame           Fire/Hex       #########    1%          3    None
f - Cure Poison           Pois           ######....   6%          2    None
g - Projected Noise       Hex            N/A          1%          2    None
h - Spider Form           Pois/Trmt      ######....   12%         3    None
i - Delayed Fireball      Fire/Conj      N/A          17%         7    Honeycomb
j - Enslavement           Hex            ########.    3%          4    None
k - Cause Fear            Hex            ########..   3%          4    None
l - Bolt of Fire          Fire/Conj      #########.   4%          6    Choko
m - Mass Confusion        Hex            ########..   14%         6    Choko

Dungeon Overview and Level Annotations

Branches:
Dungeon (10/27)            Temple (1/1) D:4             Orc (4/4) D:10
    Elf (5/5) Orc:4          Lair (8/8) D:8           Swamp (5/5) Lair:4
  Slime (0/6) Lair:7        Snake (0/5) Lair:5

Altars:
Ashenzari
Cheibriados
Elyvilon
Fedhas
Kikubaaqudgha
Makhleb
Nemelex Xobeh
Okawaru
Sif Muna
The Shining One
Trog
Vehumet
Xom
Yredelemnul
Zin
Beogh
Jiyva
Lugonu

Shops:
Orc:2: / Orc:3: ? Orc:4: ([?[

Annotations
Swamp:4 enigmoo's ghost, mighty NaTm


Innate Abilities, Weirdness & Mutations

Your digestive system is specialised to digest meat.
Your mind is acute (Int +1).
Your spells are a little harder to cast, but a little more powerful.


Message History

You block the bone dragon's attack. The bone dragon closely misses you.
The bone dragon tramples you.
* * * LOW HITPOINT WARNING * * *
You hold your ground!
The phantom hits you but does no damage.
You miss the phantom.
The phantom is almost destroyed.
The bone dragon misses you.
The bone dragon claws you but does no damage.
You block the bone dragon's attack.
You whack the phantom!
You destroy the phantom!
The phantom blinks!
The phantom closely misses you.
You whack the phantom!
The phantom is almost destroyed.
The phantom blinks!
You barely miss the phantom.
The phantom is almost destroyed.
You block the phantom's attack. The bone dragon bites you!
You die...

##≈≈≈≈..###
##≈≈.W..≈..#
###....§#...≈##
#§.y.#W≈###p.p##
#..###.≈###.§..#
... #§§§###...##
#.y ##.§§###≈.§#
#p§ ##§§§##.pp##
§.. ##§.###§D@#
... #§..##.p## .
##...#### #...##
#..≈.# #....##
###...# ♣♣
##≈≈≈.# ♣♣♣♣♣
###≈≈≈≈≈### .


You could see a bone dragon and 5 phantoms.

Vanquished Creatures
  2 deep elf blademasters (Elf:5)
  Kirke (Elf:1)
  Rupert (Lair:7)
  Aizul (Elf:4)
  Maud (Elf:1)
  Gastronok (Lair:8)
  The ghost of Tutankham the Sorcerer, a powerful DEAE of Vehumet (Elf:5)
  2 wizards (Abyss)
  5 deep elf annihilators (Elf:5)
  Azrael (Elf:4)
  10 deep elf death magi (Elf:5)
  A deep elf master archer (Elf:5)
  4 deep elf sorcerers (Elf:5)
  A blizzard demon (Abyss)
  An ettin (Orc:4)
  A minotaur (Lab)
  Harold (Lair:2)
  9 hydras
  6 deep elf demonologists (Elf:5)
  2 hell hogs (Abyss)
  2 deep elf high priests (Elf:5)
  8 orc high priests (Orc:4)
  A catoblepas (Lair:8)
  5 skeletal warriors (Abyss)
  An elephant slug zombie (Abyss)
  An ice devil (Abyss)
  An elf (shapeshifter) (Elf:2)
  An unseen horror (Abyss)
  2 hell knights (D:10)
  8 large abominations (Abyss)
  A mottled draconian zombie (Abyss)
  An orc knight (Orc:4)
  24 deep elf knights
  2 hill giants (D:10)
  A giant orange brain (Abyss)
  An ice statue (Port)
  A swamp dragon (Swamp:3)
  5 hydra zombies (Swamp:5)
  The ghost of Mugar the Nimble, an experienced MiMo of Okawaru (D:6)
  Joseph (D:8)
  Urug (Elf:2)
  2 necromancers (D:10)
  2 spectral hydras (Swamp:5)
  A cyclops (Orc:4)
  2 sixfirhies
  2 red wasps (Swamp:3)
  Maurice (Orc:1)
  3 black mambas
  A feature mimic (Elf:1)
  A cyclops (shapeshifter) (Elf:5)
  7 wolf spiders (Port)
  3 orange demons (Abyss)
  14 elephants
  15 spiny frogs
  8 trapdoor spiders
  8 hellwings (Abyss)
  A purple draconian simulacrum (Abyss)
  6 komodo dragons
  2 trolls
  A wandering mushroom (Lair:3)
  9 redbacks (Port)
  3 smoke demons
  8 polar bears
  A spriggan (shapeshifter) (Elf:2)
  3 bog mummies (Swamp:5)
  A queen bee (Lair:6)
  A blue devil (Orc:4)
  11 grizzly bears (Lair:8)
  A merfolk zombie (Abyss)
  2 swamp dragon zombies (Swamp:5)
  10 ynoxinuls (Abyss)
  2 wyverns
  4 hogs
  9 neqoxecs (Abyss)
  19 vampire mosquitoes
  Eustachio (D:10)
  A fire elemental (Elf:4)
  2 chaos spawn (Abyss)
  14 deep elf conjurers
  2 sharks (Lair:6)
  A spectral swamp dragon (Swamp:5)
  Grum (D:8)
  16 war dogs
  2 hungry ghosts
  31 blink frogs
  17 deep elf summoners
  3 hippogriffs
  2 fire drakes
  5 necrophages (Lair:6)
  4 golden eyes (Abyss)
  18 deep elf fighters
  7 hell hounds
  16 giant goldfish
  11 ice beasts
  A basilisk (Lair:6)
  13 yaks
  5 small abominations (Abyss)
  4 insubstantial wisps (Swamp:5)
  13 swamp worms
  7 jumping spiders (Port)
  A tengu (Lair:6)
  5 black bears (Lair:8)
  20 orc warriors
  2 sky beasts
  4 swamp worm zombies (Swamp:5)
  10 phantoms
  10 deep elf priests
  A yellow wasp (Lair:6)
  19 deep elf magi
  3 centaurs
  4 swamp drakes
  A lava worm (Lair:6)
  15 crocodiles
  7 ogres
  27 giant frogs
  8 wargs
  A big kobold (D:10)
  4 giant leeches
  4 giant slugs
  3 boring beetles
  4 wolves (Port)
  5 tarantellas (Port)
  A basilisk skeleton (D:10)
  6 agate snails
  12 water moccasins
  An eye of draining (D:10)
  7 wights
  7 jellyfish
  45 killer bees
  15 electric eels
  3 goliath beetles
  9 spiders (Port)
  47 orc priests
  2 lava snakes (Lair:6)
  2 quasits
  14 big fish
  5 crimson imps
  7 hounds
  Crazy Yiuf (D:5)
  A hound skeleton (D:10)
  3 iguanas
  10 iron imps
  7 worker ants
  27 deep elf soldiers
  34 orc wizards
  7 porcupines
  2 scorpions
  5 big fish zombies (Swamp:5)
  8 sheep
  3 spectral swamp drakes (Swamp:5)
  2 swamp drake zombies (Swamp:5)
  Jessica (D:2)
  4 jellies
  7 flying skulls (Abyss)
  4 gnolls (D:4)
  15 adders
  61 green rats
  14 lemures
  9 midges (Abyss)
  14 white imps
  An adder skeleton (D:7)
  2 giant centipedes
  An iguana skeleton (D:6)
  A shadow imp (Abyss)
  4 giant mites
  24 ufetubi
  3 worms
  3 grey rats (Elf:3)
  A giant eyeball (Abyss)
  6 giant geckos
  197 orcs
  10 giant cockroaches
  19 hobgoblins
  14 jackals
  7 quokkas
  28 bats
  6 giant newts
  A giant spore (D:9)
  19 goblins
  A hobgoblin zombie (D:6)
  20 kobolds
  A kobold skeleton (D:5)
  A kobold zombie (D:9)
  5 orc zombies
  17 rats
  A ballistomycete (D:9)
  12 fungi
  16 plants
  18 toadstools
1501 creatures vanquished.

Vanquished Creatures (collateral kills)
  3 hell knights (D:10)
  2 fire elementals (Elf:4)
  5 hell hounds
  A killer bee (D:7)
11 creatures vanquished.

Vanquished Creatures (others)
  An eldritch tentacle (Abyss)
  A deep elf knight (Elf:4)
  A yak (Port)
  A small abomination (Lair:5)
  A human (D:4)
  A wolf (Port)
  2 giant frogs (Lair:8)
  A porcupine (Lair:6)
  2 sheep
  A lemure (Abyss)
  2 ufetubi (Abyss)
  An orc (Orc:1)
  2 quokkas
  5 goblins
  31 eldritch tentacle segments (Abyss)
  9 fungi
  18 plants
  173 toadstools
253 creatures vanquished.

Grand Total: 1765 creatures vanquished

Notes
Turn   | Place    | Note
--------------------------------------------------------------
     0 | D:1      | Palladion, the Deep Elf Fire Elementalist, began the quest for the Orb.
     0 | D:1      | Reached XP level 1. HP: 10/10 MP: 4/4
   373 | D:1      | Reached XP level 2. HP: 15/15 MP: 1/6
   951 | D:2      | Noticed Jessica
  1068 | D:2      | Killed Jessica
  1068 | D:2      | Reached XP level 3. HP: 19/19 MP: 8/10
  1101 | D:2      | Learned a level 3 spell: Conjure Flame
  1193 | D:2      | Reached skill level 1 in Fighting
  1494 | D:3      | Reached skill level 4 in Fire Magic
  1494 | D:3      | Reached XP level 4. HP: 24/24 MP: 10/12
  1616 | D:3      | Learned a level 4 spell: Sticky Flame
  2404 | D:4      | Reached XP level 5. HP: 11/28 MP: 3/16
  2870 | D:4      | Found a staircase to the Ecumenical Temple.
  2878 | D:4      | Got an ancient robe
  2954 | Temple   | Entered the Ecumenical Temple
  3003 | Temple   | Identified the +0 robe of the Vacuum (You found it on level 4 of the Dungeon)
  3012 | Temple   | Paralysed by a potion of paralysis for 7 turns
  3329 | D:4      | Found an ancient bone altar of Kikubaaqudgha.
  3409 | D:5      | Entered Level 5 of the Dungeon
  3481 | D:5      | Reached XP level 6. HP: 18/33 MP: 12/19
  3650 | D:5      | Reached skill level 5 in Stealth
  3650 | D:5      | Reached skill level 5 in Fire Magic
  3650 | D:5      | Reached XP level 7. HP: 38/38 MP: 7/20
  3956 | D:5      | Noticed Crazy Yiuf
  3960 | D:5      | Killed Crazy Yiuf
  4086 | D:5      | Learned a level 5 spell: Fireball
  4128 | D:6      | Reached skill level 5 in Dodging
  4215 | D:6      | Noticed Mugar's ghost (experienced MiMo)
  4236 | D:6      | Killed Mugar's ghost
  4236 | D:6      | Reached skill level 5 in Spellcasting
  4236 | D:6      | Reached XP level 8. HP: 30/44 MP: 6/23
  4297 | D:6      | Found a shattered altar of Ashenzari.
  4356 | D:6      | Reached skill level 6 in Stealth
  4480 | D:6      | Found a deep blue altar of Sif Muna.
  4489 | D:6      | Became a worshipper of Sif Muna the Loreminder
  5918 | D:6      | Found a glowing golden altar of the Shining One.
  6068 | D:6      | Found a blossoming altar of Fedhas.
  6243 | D:7      | Found a snail-covered altar of Cheibriados.
  6276 | D:7      | Reached skill level 5 in Conjurations
  6736 | D:7      | Reached XP level 9. HP: 45/48 MP: 25/25
  6771 | D:7      | Learned a level 3 spell: Inner Flame
  6812 | D:7      | Reached skill level 7 in Stealth
  7027 | D:7      | Reached skill level 1 in Hexes
  7148 | D:7      | Acquired Sif Muna's first power
  7181 | D:7      | Found an iron altar of Okawaru.
  7355 | D:8      | Found a sparkling altar of Nemelex Xobeh.
  7368 | D:8      | Noticed Grum
  7383 | D:8      | Killed Grum
  7395 | D:8      | Noticed Joseph
  7514 | D:8      | Killed Joseph
  7968 | D:8      | Reached skill level 8 in Stealth
  8169 | D:8      | Acquired Sif Muna's second power
  8287 | D:7      | Reached XP level 10. HP: 27/54 MP: 20/28
  8702 | D:8      | Found a staircase to the Lair.
  8708 | Lair:1   | Entered Level 1 of the Lair of Beasts
  8925 | Lair:1   | Found a frozen archway.
  8928 | Lair:1   | Reached skill level 5 in Hexes
  8930 | Lair:1   | Reached skill level 5 in Fighting
  9041 | IceCv    | Entered an ice cave
  9100 | IceCv    | Reached skill level 9 in Stealth
 10217 | Lair:2   | You fall through a shaft!
 10346 | Lair:3   | Reached XP level 11. HP: 60/60 MP: 18/29
 10542 | Lair:2   | Noticed Harold
 10554 | Lair:2   | Killed Harold
 10602 | Lair:2   | Reached skill level 10 in Stealth
 10909 | Lair:2   | Acquired Sif Muna's third power
 11561 | Lair:3   | Noticed a wandering mushroom
 11596 | Lair:3   | Killed a wandering mushroom
 11780 | Lair:3   | Reached skill level 1 in Invocations
 12063 | Lair:3   | Gained mutation: You are agile (Dex +1).
 12223 | Lair:4   | Got a pair of smoking gloves
 12259 | Lair:4   | Identified the cursed -1 pair of gloves "Nuip Lei" (You found it on level 4 of the Lair of Beasts)
 12678 | Lair:4   | Got an ancient ring mail
 12782 | Lair:4   | Found a staircase to the Swamp.
 13137 | Lair:4   | Identified the +4 ring mail of Life (You found it on level 4 of the Lair of Beasts)
 13330 | Lair:5   | Reached skill level 10 in Spellcasting
 13594 | Lair:5   | Found a staircase to the Snake Pit.
 13695 | Lair:5   | Reached XP level 12. HP: 45/66 MP: 18/32
 13991 | Lair:5   | Reached skill level 11 in Stealth
 14599 | Lair:6   | Reached skill level 10 in Fire Magic
 14875 | Lair:6   | Reached skill level 10 in Dodging
 14972 | Lair:6   | Reached skill level 5 in Invocations
 15327 | Lair:6   | Received a gift from Sif Muna
 15328 | Lair:6   | Got a glistering book {god gift}
 15409 | Lair:6   | Identified Sif Muna's Disquisition on Captivating Confrontation {god gift} (Sif Muna gifted it to you on level 6 of the Lair of Beasts)
 15662 | Lair:6   | Reached skill level 10 in Hexes
 15910 | Lair:6   | Reached skill level 12 in Stealth
 16095 | Lair:6   | Noticed a yellow wasp
 16095 | Lair:6   | a lava snake changed into a yellow wasp
 16097 | Lair:6   | Killed a yellow wasp
 16431 | Lair:7   | Found a viscous altar of Jiyva.
 16541 | Lair:7   | Noticed Rupert
 16563 | Lair:7   | Killed Rupert
 16563 | Lair:7   | Reached XP level 13. HP: 62/72 MP: 12/34
 16980 | Lair:7   | Reached skill level 10 in Conjurations
 17071 | Lair:7   | Identified a scroll of acquirement
 17115 | Lair:7   | Found a staircase to the Slime Pits.
 17209 | Lair:8   | Entered Level 8 of the Lair of Beasts
 17296 | Lair:8   | Found a labyrinth entrance.
 17307 | Lab      | Entered a Labyrinth
 20157 | Lab      | Got a transparent platinum amulet
 20157 | Lab      | Got an antique book
 20165 | Lab      | Identified the amulet "Baatiaw" {Str-2} (You found it in a Labyrinth)
 20166 | Lab      | Identified a -1 rod of demonology (9/9) (You found it in a Labyrinth)
 20172 | Lab      | Identified Roxanne's Collected Works on Mutagenic Stones (You found it in a Labyrinth)
 20271 | Lair:8   | Found a crumbling entrance.
 20282 | Lair:8   | Learned a level 2 spell: Cure Poison
 20283 | Spider   | Entered a spider's nest
 20380 | Spider   | Reached skill level 1 in Poison Magic
 20397 | Spider   | Reached skill level 1 in Maces & Flails
 20723 | Spider   | Reached skill level 13 in Stealth
 21265 | Spider   | Received a gift from Sif Muna
 21266 | Spider   | Got a droning book {god gift}
 21276 | Spider   | Identified Sif Muna's Papyrus of the Volcanoes and Battle Magic {god gift} (Sif Muna gifted it to you in a spider's nest)
 21299 | Spider   | Got an ancient cloak
 21303 | Spider   | Identified the -1 cloak of Misanthropy (You acquired it in a spider's nest)
 21586 | Lair:8   | Gained mutation: Your mind is acute (Int +1).
 22171 | Lair:8   | Noticed Gastronok
 22190 | Lair:8   | Killed Gastronok
 22190 | Lair:8   | Reached XP level 14. HP: 68/80 MP: 27/36
 23844 | Lair:8   | Lost mutation: Your mind is acute (Int +1).
 23844 | Lair:8   | Lost mutation: You are agile (Dex +1).
 24305 | Lair:2   | Learned a level 2 spell: Projected Noise
 24311 | Lair:2   | Learned a level 3 spell: Spider Form
 24325 | Lair:2   | Learned a level 7 spell: Delayed Fireball
 24670 | D:9      | Found a basalt altar of Yredelemnul.
 24680 | D:9      | Reached skill level 14 in Stealth
 24775 | D:9      | Got a scintillating pewter amulet
 24779 | D:9      | Identified the amulet "Khullur" (You found it on level 9 of the Dungeon)
 24916 | D:9      | Found a glowing silver altar of Zin.
 24943 | D:9      | Learned a level 4 spell: Enslavement
 24948 | D:9      | Learned a level 4 spell: Cause Fear
 25067 | D:10     | Entered Level 10 of the Dungeon
 25092 | D:10     | Reached skill level 1 in Transmutations
 25417 | D:10     | Noticed Eustachio
 25422 | D:10     | Killed Eustachio
 25567 | D:10     | Noticed a necromancer
 25578 | D:10     | Killed a necromancer
 25880 | D:10     | Noticed a hell knight
 25939 | D:10     | Killed a hell knight
 26135 | D:10     | Noticed a hell knight
 26135 | D:10     | Noticed a hell knight
 26135 | D:10     | Noticed a necromancer
 26136 | D:10     | Noticed a hell knight
 26144 | D:10     | a necromancer (ally) was killed
 26210 | D:10     | Killed a hell knight
 26215 | D:10     | Killed a hell knight
 26223 | D:10     | Killed a hell knight
 26251 | D:10     | Noticed a hell knight
 26276 | D:10     | Noticed a hell knight
 26287 | D:10     | Killed a hell knight
 26468 | D:10     | Found a staircase to the Orcish Mines.
 26882 | Orc:1    | Entered Level 1 of the Orcish Mines
 26926 | Orc:2    | Found Hore's Magical Wand Emporium.
 26931 | Orc:2    | Found a dark tunnel.
 27021 | Orc:2    | Bought a wand of digging (2) for 132 gold pieces
 27034 | Orc:2    | Bought a wand of digging (8) for 264 gold pieces
 27101 | Orc:1    | Found a flickering gateway to a bazaar. 27109
                  | bazaar
                  | Entered a bazaar 27109
                  | bazaar
                  | Found Choep's Distillery. 27109
                  | bazaar
                  | Found Rajakk Cufoo's Antique Weapon Shoppe. 27115
                  | bazaar
                  | Found Wivor's Food Shoppe. 27117
                  | bazaar
                  | Bought a faintly glowing morningstar for 144 gold pieces 27124
                  | bazaar
                  | Bought a potion of heal wounds for 30 gold pieces 27124
                  | bazaar
                  | Bought a potion of magic for 70 gold pieces
 27174 | Volcano  | Entered a volcano
 27300 | Volcano  | Found a burning altar of Makhleb.
 27354 | Volcano  | Found a bloodstained altar of Trog.
 27684 | Orc:1    | Identified the +1,+4 morningstar "Hydrabane" {vamp} (You bought it in a shop in a bazaar)
 27685 | Orc:1    | Gained mutation: Your spells are a little harder to cast, but a little more powerful.
 27685 | Orc:1    | Gained mutation: Your digestive system is specialised to digest meat.
 27685 | Orc:1    | Gained mutation: Your mind is acute (Int +1).
 28147 | Orc:2    | Found a flagged portal.
 28147 | Orc:2    | Noticed Maurice
 28231 | Orc:1    | Killed Maurice
 29018 | Orc:4    | Entered Level 4 of the Orcish Mines
 29071 | Orc:4    | Noticed an ettin
 29102 | Orc:4    | Killed an ettin
 29185 | Orc:4    | Found a staircase to the Elven Halls.
 29246 | Orc:4    | Found a roughly hewn altar of Beogh.
 29636 | Orc:4    | Noticed an orc high priest
 29653 | Orc:4    | Noticed an orc high priest
 29666 | Orc:4    | Killed an orc high priest
 29755 | Orc:4    | Noticed an orc high priest
 29759 | Orc:4    | Killed an orc high priest
 29847 | Orc:4    | Killed an orc high priest
 29929 | Orc:4    | Found Xearral's Magic Scroll Shoppe.
 29929 | Orc:4    | Found Awiomp's Antique Armour Boutique.
 29947 | Orc:4    | Bought a scroll of blinking for 82 gold pieces
 29947 | Orc:4    | Bought a scroll of noise for 15 gold pieces
 30085 | Orc:4    | Noticed a cyclops
 30086 | Orc:4    | Received a gift from Sif Muna
 30087 | Orc:4    | Got an antique book {god gift}
 30091 | Orc:4    | Identified Sif Muna's Handbook of the Hurtful Blaze {god gift} (Sif Muna gifted it to you on level 4 of the Orcish Mines)
 30114 | Orc:4    | Killed a cyclops
 30212 | Orc:4    | Found a roughly hewn altar of Beogh.
 30262 | Orc:4    | Learned a level 6 spell: Bolt of Fire
 30278 | Orc:4    | Noticed an orc high priest
 30524 | Orc:4    | Killed an orc high priest
 30547 | Orc:4    | Noticed an orc high priest
 30549 | Orc:4    | Noticed an orc high priest
 30554 | Orc:4    | Killed an orc high priest
 30555 | Orc:4    | Killed an orc high priest
 30576 | Orc:4    | Found Heitoats' Weapon Shoppe.
 30576 | Orc:4    | Found Unotz's Armour Boutique.
 30576 | Orc:4    | Noticed an orc high priest
 30577 | Orc:4    | Noticed an orc high priest
 30593 | Orc:4    | Killed an orc high priest
 30629 | Orc:4    | Killed an orc high priest
 30663 | Orc:4    | Bought the +2 wizard hat of the Forgotten Lives {Str+5 Int+4} for 671 gold pieces
 30713 | Orc:3    | Reached XP level 15. HP: 71/86 MP: 10/37
 30762 | Orc:3    | Found Weqik's Magic Scroll Emporium.
 30772 | Orc:3    | Bought a scroll of enchant weapon III for 260 gold pieces
 30772 | Orc:3    | Bought a scroll of identify for 26 gold pieces
 30772 | Orc:3    | Bought a scroll of magic mapping for 45 gold pieces
 30972 | Elf:1    | Entered Level 1 of the Elven Halls
 30985 | Elf:1    | Reached XP level 14. HP: 80/81 MP: 24/36
 31005 | Elf:1    | Noticed Kirke
 31133 | Elf:1    | Killed Kirke
 31147 | Orc:4    | Reached skill level 10 in Invocations
 31692 | Elf:1    | Noticed Maud
 31698 | Elf:1    | Killed Maud
 31698 | Elf:1    | Reached XP level 15. HP: 86/86 MP: 20/37
 32532 | Elf:2    | Reached skill level 1 in Shields
 32728 | Elf:2    | Noticed Urug
 32732 | Elf:2    | Killed Urug
 32975 | Elf:3    | Reached skill level 10 in Fighting
 33155 | Elf:3    | Reached skill level 5 in Maces & Flails
 33460 | Elf:3    | Found a radiant altar of Vehumet.
 33586 | Elf:4    | Noticed Azrael
 33702 | Elf:4    | Reached skill level 15 in Stealth
 33872 | Elf:4    | Noticed an orc priest
 33891 | Elf:4    | Killed an orc priest
 34147 | Elf:4    | Noticed Aizul
 34174 | Elf:4    | Killed Aizul
 34711 | Elf:4    | Killed Azrael
 34834 | Elf:5    | Entered Level 5 of the Elven Halls
 35259 | Elf:5    | Noticed Tutankham's ghost (powerful DEAE)
 35270 | Elf:5    | Killed Tutankham's ghost
 35970 | Elf:5    | Reached XP level 16. HP: 92/92 MP: 9/38
 35988 | Elf:5    | You are cast into the Abyss!
 35988 | Elf:5    | Cast into the Abyss (deep elf demonologist)
 35988 | Abyss    | Entered The Abyss
 36080 | Abyss    | Found a corrupted altar of Lugonu.
 36085 | Abyss    | Found a corrupted altar of Lugonu.
 36104 | Abyss    | Found a corrupted altar of Lugonu.
 36190 | Abyss    | Found a blossoming altar of Fedhas.
 36353 | Abyss    | Noticed a purple draconian simulacrum
 36363 | Abyss    | Killed a purple draconian simulacrum
 36479 | Abyss    | Noticed a phantom
 36498 | Abyss    | Killed a phantom
 36528 | Abyss    | Noticed a crystal golem
 36648 | Abyss    | Reached skill level 15 in Spellcasting
 36776 | Elf:5    | You pass through the gate.
 37106 | Elf:5    | Received a gift from Sif Muna
 37117 | Elf:5    | Learned a level 6 spell: Mass Confusion
 37191 | Elf:5    | Noticed a deep elf master archer
 37199 | Elf:5    | Killed a deep elf master archer
 37215 | Elf:5    | You are cast into the Abyss!
 37215 | Elf:5    | Cast into the Abyss (deep elf demonologist)
 37678 | Abyss    | Found a corrupted altar of Lugonu.
 37720 | Abyss    | Found a corrupted altar of Lugonu.
 37789 | Abyss    | Found a corrupted altar of Lugonu.
 38629 | Abyss    | Noticed a jelly
 38631 | Abyss    | Killed a jelly
 38816 | Abyss    | Noticed a reaper
 38955 | Abyss    | Noticed a mad acolyte of Lugonu
 38956 | Abyss    | Found a corrupted altar of Lugonu.
 38957 | Abyss    | Noticed a mad acolyte of Lugonu
 38957 | Abyss    | Noticed a mad acolyte of Lugonu
 38963 | Abyss    | Killed a mad acolyte of Lugonu
 38968 | Abyss    | Killed a mad acolyte of Lugonu
 38986 | Abyss    | Got an abyssal rune of Zot
 39055 | Abyss    | Found a corrupted altar of Lugonu.
 39168 | Abyss    | Found a corrupted altar of Lugonu.
 39675 | Abyss    | Found a shimmering altar of Xom.
 40501 | Abyss    | Noticed a white ugly thing
 40501 | Abyss    | Noticed a white ugly thing
 40644 | Abyss    | Noticed a deep dwarf artificer
 40644 | Abyss    | Noticed a deep dwarf necromancer
 40948 | Abyss    | Noticed an ice beast
 41088 | Abyss    | Noticed a giant eyeball
 41092 | Abyss    | Killed a giant eyeball
 41251 | Elf:5    | You pass through the gate.
 41404 | Elf:5    | Noticed a deep elf blademaster
 41417 | Elf:5    | Killed a deep elf blademaster
 41544 | Elf:5    | Reached XP level 17. HP: 99/99 MP: 28/39
 41602 | Elf:5    | Got a pitted dagger
 41853 | Elf:5    | Reached skill level 5 in Shields
 42113 | Elf:5    | Noticed a deep elf blademaster
 42325 | Elf:5    | Killed a deep elf blademaster
 42383 | Elf:5    | Identified a +2 pair of boots of running (You found it on level 5 of the Elven Halls)
 42425 | Elf:5    | Got a droning book
 42428 | Elf:5    | Identified the Volume of Attacks (You found it on level 5 of the Elven Halls)
 42458 | Elf:5    | Got a fine flail
 42460 | Elf:5    | Got a polished hammer
 42464 | Elf:5    | Got a faintly glowing mace
 42501 | Elf:5    | Got a transparent sabre
 42502 | Elf:5    | Identified the sabre "Earthworm" {flame, Str+4 Int+1 Stlth++} (You found it on level 5 of the Elven Halls)
 42954 | Lair:2   | Identified the cursed dagger "Hocej" {venom, rF++ Int+1} (You took it off a deep elf demonologist on level 5 of the Elven Halls)
 42957 | Lair:2   | Identified the cursed flail of Defiance {crush, +Rage rPois} (You found it on level 5 of the Elven Halls)
 42960 | Lair:2   | Identified the hammer "Pluser" {flame, rElec MR} (You found it on level 5 of the Elven Halls)
 42961 | Lair:2   | Identified the mace of Law {slay orc, SInv} (You found it on level 5 of the Elven Halls)
 43101 | Swamp:1  | Entered Level 1 of the Swamp
 43547 | Swamp:3  | Reached skill level 16 in Spellcasting
 43626 | Swamp:4  | Noticed enigmoo's ghost (mighty NaTm)
 43658 | Swamp:5  | Entered Level 5 of the Swamp
 43941 | Swamp:5  | Reached skill level 1 in Stabbing
 43947 | Swamp:5  | Reached skill level 15 in Dodging
 44224 | Swamp:5  | Mangled by a bone dragon
